 Dungeon Crawl Stone Soup version 0.26-a0-846-gcc8f1ee719 (webtiles) character file.

Game seed: 4127264280272332785

5 mg7810 the Caller (level 1, -1/14 HPs)
             Began as a Hill Orc Summoner on Nov 10, 2020.
             Slain by a goblin
             ... wielding a +0 club
              (2 damage)
             ... on level 1 of the Dungeon on Nov 19, 2020.
             The game lasted 00:03:04 (511 turns).

mg7810 the Caller (Hill Orc Summoner)                Turns: 511, Time: 00:03:05

Health: -1/14      AC:  3    Str: 10    XL:     1   Next: 80%
Magic:  0/3        EV: 12    Int: 15    God:
Gold:   0          SH:  0    Dex: 11    Spells: 2/3 levels left

rFire    . . .     SeeInvis .   (no weapon)
rCold    . . .     Faith    .   (no shield)
rNeg     . . .     Spirit   .   a - +0 robe
rPois    .         Reflect  .   b - +0 helmet
rElec    .         Harm     .   (no cloak)
rCorr    .         Rampage  .   (no gloves)
MR       .....                  (no boots)
Stlth    ++........             c - amulet of regeneration
HPRegen  0.04/turn              (no ring)
MPRegen  0.08/turn              (no ring)

@: no status effects
A: no striking features
a: no special abilities


You were on level 1 of the Dungeon.
You visited 1 branch of the dungeon, and saw 1 of its levels.

Inventory:

Armour
 a - a +0 robe (worn)
 b - a +0 helmet (worn)
Jewellery
 c - an amulet of regeneration (around neck)


   Skills:
 + Level 1.6 Dodging
 + Level 1.5 Stealth
 + Level 1.6 Spellcasting
 + Level 4.2 Summonings


You had 2 spell levels left.
You knew the following spells:

 Your Spells              Type           Power        Failure   Level
a - Summon Small Mammal   Summ           ##..         4%          1

Your spell library contained the following spells:

 Spells                   Type           Power        Failure   Level
 Call Imp                 Summ           ##......     6%          2
 Call Canine Familiar     Summ           ##......     12%         3
 Summon Guardian Golem    Hex/Summ       #.......     28%         3
 Summon Ice Beast         Ice/Summ       #.......     67%         4
 Summon Lightning Spire   Summ/Air       #.......     67%         4


Dungeon Overview and Level Annotations

Branches:
Dungeon (1/15)

Altars:


Message History

Your bat closely misses the jackal.
Your bat misses the jackal. The jackal misses your bat.
Your bat hits the jackal but does no damage.
The jackal closely misses you.
The jackal bites you but does no damage.
A frilled lizard comes into view.
The frilled lizard hisses angrily.
The jackal misses you. The frilled lizard barely misses you.
A goblin comes into view. It is wielding a +0 club.
The jackal barely misses you. The frilled lizard closely misses you.
The jackal closely misses you.
Casting: Summon Small Mammal (safe; 4% risk of failure)
Confirm with . or Enter, or press ? or * to list all spells.
The jackal bites you.
* * * LOW HITPOINT WARNING * * *
The jackal barely misses you.
The jackal bites you but does no damage.
A kobold comes into view.
The goblin hits you with a +0 club.
You die...

......#.# .# ......#.#
........# # ........##
.### .....#...## ..###
## #.........#####....
....
#....#..........###.#...
#....###.##..r.........K
#....##........#@...#..
#....##......l.h.g....#
#######.......##.....##
###########....# ....#
#####


You could see a jackal, a goblin, a kobold (asleep), a frilled lizard and a
friendly quokka (summoned).

Vanquished Creatures (collateral kills)
  A dart slug (D:1)
  A kobold (D:1)
  2 bats (D:1)
  A goblin (D:1)
  2 rats (D:1)
7 creatures vanquished.

Notes
Turn   | Place    | Note
-------+----------+-------------------------------------------
     0 | D:1      | mg7810 the Hill Orc Summoner began the quest for the Orb.
     0 | D:1      | Reached XP level 1. HP: 14/14 MP: 3/3
   462 | D:1      | Upgraded the game from 0.26-a0-778-g3fe0686644 to
                  | 0.26-a0-846-gcc8f1ee719
   511 | D:1      | Slain by a goblin

Illustrated notes

Levels and vault maps discovered:
D:1:      minmay_arrival_stone_box, layout_rooms

Action                   || total
-------------------------++-------
Melee: Unarmed           ||     7
 Cast: Summon Small Mamm ||    25
  Use: Scroll            ||     1
       Potion            ||     1
Armor: Robe              ||    22
Dodge: Dodged            ||    46

Table legend: (Time is in decaauts)
 A = Elapsed time spent in this place.
 B = Non-inter-level travel time spent in this place.
 C = Inter-level travel time spent in this place.
 D = Time resting spent in this place.
 E = Time spent auto-exploring this place.
 F = Levels seen in this place.
 G = Mean time per level.
                   A        B        C        D        E       F      G
               +--------+--------+--------+--------+--------+-----+--------+
         Total |    511 |    511 |      0 |      0 |    338 |   1 |  511.0 |
       Dungeon |    511 |    511 |      0 |      0 |    338 |   1 |  511.0 |
               +--------+--------+--------+--------+--------+-----+--------+

Top non-repeatable levels by time:
     D:1: 511 daAuts
